 Dungeon Sprint DCSS version 0.27-a0-463-gec7707c53d (webtiles) character file.

Game seed: 8191603881689502216

145 rocky1 the Slinger (level 5, -4/38 HPs)
             Began as a Halfling Hunter on Mar 1, 2021.
             Was an Initiate of Okawaru.
             Slain by a scorpion (6 damage)
             ... in the Dungeon (Sprint VII: "The Pits").
             The game lasted 00:03:06 (297 turns).

rocky1 the Slinger (Halfling Hunter)                 Turns: 297, Time: 00:03:07

Health: -4/38      AC:  3    Str: 13    XL:     5   Next: 53%
Magic:  5/5        EV: 17    Int:  9    God:    Okawaru [......]
Gold:   0          SH:  0    Dex: 16    Spells: 4/4 levels left

rFire    . . .     SeeInvis .   b - +0 long sword (flame)
rCold    . . .     Faith    .   (shield restricted)
rNeg     . . .     Spirit   .   c - +0 leather armour
rPois    .         Reflect  .   (no helmet)
rElec    .         Harm     .   (no cloak)
rCorr    .         Rampage  .   (no gloves)
Will     .....     NoTele   +   (no boots)
Stlth    +++.......             (no amulet)
HPRegen  0.12/turn              (no ring)
MPRegen  0.09/turn              (no ring)

@: lethally poisoned (-4 -> -27)
A: small, mutation resistance 1
a: Renounce Religion


You were in the Dungeon.
You worshipped Okawaru.
Okawaru was noncommittal.
You visited 1 branch

Inventory:

Hand Weapons
 a - a +1 hunting sling
 b - a +0 long sword of flaming (weapon)
 q - a +2 dagger of electrocution
Missiles
 d - 11 sling bullets
 l - 15 stones (quivered)
Armour
 c - a +0 leather armour (worn)
Scrolls
 j - a scroll of blinking
 m - 5 scrolls of amnesia
 n - a scroll of summoning
Potions
 e - 6 potions of curing
 f - 6 potions of heal wounds
 g - a potion of haste
 h - 4 potions of magic
 i - 3 potions of berserk rage
 k - 2 potions of invisibility


   Skills:
 + Level 4.8 Fighting
 + Level 0.5 Short Blades
 + Level 9.2 Slings
 + Level 0.4 Armour
 + Level 5.8 Dodging
 + Level 6.0 Stealth
 + Level 0.6 Invocations


You had 4 spell levels left.
You didn't know any spells.
Your spell library was empty.

Dungeon Overview and Level Annotations

Branches:
Dungeon (1/1)

Altars:
Ashenzari
Cheibriados
Dithmenos
Elyvilon
Fedhas
Gozag
Hepliaklqana
Kikubaaqudgha
Makhleb
Nemelex Xobeh
Okawaru
Qazlal
Ru
Sif Muna
Trog
Uskayaw
Vehumet
Wu Jian
Xom
Yredelemnul
Zin
The Shining One
Beogh
Jiyva
Lugonu


Innate Abilities, Weirdness & Mutations

You are small and have problems with some larger weapons.
You are somewhat resistant to further mutation.


Message History

Aim: a scorpion (moderately wounded, 67% to hit)
You shoot a sling bullet.
The sling bullet completely misses the scorpion.
Unknown command.
Fire: 12 sling bullets
Press: ? - help, Q - select action, (/) - cycle Shift-Dir - straight line, f/p - scorpion
Aim: a scorpion (moderately wounded, 67% to hit)
You shoot a sling bullet. The sling bullet hits the scorpion.
The scorpion is heavily wounded.
Your +0 long sword of flaming bursts into flame!
b - a +0 long sword of flaming (weapon)
You closely miss the scorpion.
The scorpion is heavily wounded.
The scorpion stings you! The scorpion stings you.
You are poisoned.
The scorpion poisons you!
You hit the scorpion but do no damage.
The scorpion is heavily wounded.
You feel sick. The scorpion stings you.
You are more poisoned.
The scorpion poisons you!
You hit the scorpion. You burn the scorpion.
The scorpion is almost dead.
You feel sick. The scorpion barely misses you. The scorpion stings you!
You hit the scorpion but do no damage.
The scorpion is severely wounded.
You feel sick. The scorpion closely misses you.
You hit the scorpion but do no damage.
The scorpion is severely wounded.
You feel sick. The scorpion stings you.
* * * LOW HITPOINT WARNING * * *
Unknown command.
You hit the scorpion. You burn the scorpion.
The scorpion is almost dead.
* * * LOW HITPOINT WARNING * * *
You feel sick. The scorpion stings you!
* * * LOW HITPOINT WARNING * * *
You are more poisoned.
The scorpion poisons you! The scorpion stings you.
You die...

#.#))#.....##.....
#.#[[###'####.....
#.##'#.....##...<.
#.#........##.....
#.#........##.....
#'###########.....
#...((.(# ######
#.###..(# #@# .#
#s# #l(.((#
#...### #.....
#######


You could see a scorpion and a frilled lizard.

Vanquished Creatures
  A floating eye (D)
  2 river rats (D)
  A white imp (D)
  2 ufetubi (D)
  An ooze (D)
  A leopard gecko (D)
  A bat (D)
  A bat zombie (D)
  A kobold (D)
11 creatures vanquished.

Notes
Turn   | Place    | Note
-------+----------+-------------------------------------------
     0 | D        | rocky1 the Halfling Hunter began the quest for the Orb.
     0 | D        | Reached XP level 1. HP: 14/14 MP: 1/1
    11 | D        | Noticed a floating eye
    14 | D        | Paralysed by a floating eye for 4 turns
    21 | D        | Killed a floating eye
    22 | D        | Reached skill level 8 in Slings
    22 | D        | Reached skill level 5 in Dodging
    22 | D        | Reached skill level 5 in Stealth
    22 | D        | Reached XP level 2. HP: 23/23 MP: 2/2
    22 | D        | Reached XP level 3. HP: 27/27 MP: 3/3
    22 | D        | Reached XP level 4. HP: 34/34 MP: 4/4
    22 | D        | Reached XP level 5. HP: 38/38 MP: 5/5
    63 | D        | Found a bloodstained altar of Trog.
    63 | D        | Found a shimmering blue altar of Sif Muna.
    63 | D        | Found a viscous altar of Jiyva.
    63 | D        | Found a hazy altar of Hepliaklqana.
    63 | D        | Found an opulent altar of Gozag.
    64 | D        | Found a glowing golden altar of the Shining One.
    64 | D        | Found a glowing silver altar of Zin.
    64 | D        | Found a basalt altar of Yredelemnul.
    64 | D        | Found a shimmering altar of Xom.
    64 | D        | Found an ornate altar of the Wu Jian Council.
    64 | D        | Found a sacrificial altar of Ru.
    64 | D        | Found a stormy altar of Qazlal.
    64 | D        | Found an iron altar of Okawaru.
    64 | D        | Found a sparkling altar of Nemelex Xobeh.
    64 | D        | Found a burning altar of Makhleb.
    64 | D        | Found a blossoming altar of Fedhas.
    64 | D        | Found a white marble altar of Elyvilon.
    64 | D        | Found a shadowy altar of Dithmenos.
    64 | D        | Found a snail-covered altar of Cheibriados.
    66 | D        | Found a radiant altar of Vehumet.
    66 | D        | Found a corrupted altar of Lugonu.
    66 | D        | Found a roughly hewn altar of Beogh.
    67 | D        | Found a hide-covered altar of Uskayaw.
    67 | D        | Found an ancient bone altar of Kikubaaqudgha.
    67 | D        | Found a broken altar of Ashenzari.
    72 | D        | Became a worshipper of Warmaster Okawaru
    99 | D        | Reached skill level 9 in Slings
   297 | D        | Slain by a scorpion

Illustrated notes

Levels and vault maps discovered:
D:        pitsprint [storerooms_1, entrance_room_1, metal_vault_5, armoury_2,
          mini_pit_1, grid_room_1, main_hall_1, silver_pit, the_coven_1,
          the_vestibule_1, steel_vault_2, golden_pit, hallway_of_sentries,
          crystal_vault_1, iron_vault_1, final_vault]

Skill      XL: |  1  2  3  4  5 |
---------------+----------------+-----
Fighting       | 4 |  4.8
Slings         | 8 9 |  9.2
Dodging        | 5 |  5.8
Stealth        | 5 6 |  6.0
Short Blades   | |  0.5
Armour         | |  0.4
Invocations    | |  0.6

Action                   |  1- 3 |  4- 6 || total
-------------------------+-------+-------++-------
Melee: Short sword       |     2 |       ||     2
       Dagger            |       |    23 ||    23
       Long sword        |       |     6 ||     6
 Fire: Hunting sling     |     3 |     9 ||    12
Throw: Stone             |       |     3 ||     3
 Stab: Sleeping          |       |     4 ||     4
Dodge: Dodged            |       |    21 ||    21

Table legend: (Time is in decaauts)
 A = Elapsed time spent in this place.
 B = Non-inter-level travel time spent in this place.
 C = Inter-level travel time spent in this place.
 D = Time resting spent in this place.
 E = Time spent auto-exploring this place.
 F = Levels seen in this place.
 G = Mean time per level.
                   A        B        C        D        E       F      G
               +--------+--------+--------+--------+--------+-----+--------+
         Total |    293 |    293 |      0 |     74 |      0 |   1 |  293.0 |
       Dungeon |    293 |    293 |      0 |     74 |      0 |   1 |  293.0 |
               +--------+--------+--------+--------+--------+-----+--------+

Top non-repeatable levels by time:
       D: 293 daAuts
